 Dungeon Crawl Stone Soup version 0.26.1-11-gd32895ea62 (webtiles) character file.

Game seed: 10679975034131412883

318 Glamhuggeren the Skirmisher (level 6, -1/58 HPs)
             Began as a Palentonga Fighter on June 18, 2021.
             Slain by an orc
             ... wielding a +0 flail
              (7 damage)
             ... on level 3 of the Dungeon.
             The game lasted 00:12:57 (2347 turns).

Glamhuggeren the Skirmisher (Palentonga Fighter)    Turns: 2347, Time: 00:12:57

Health: -1/58      AC:  5    Str: 22    XL:     6   Next: 21%
Magic:  6/6        EV:  7    Int: 10    God:
Gold:   288        SH:  9    Dex:  9    Spells: 5/5 levels left

rFire    + . .     SeeInvis +   a - +1 long sword
rCold    . . .     Faith    .   c - +0 kite shield
rNeg     . . .     Spirit   .   u - +1 leather armour of Elitism {*Drain rPois rF+ Int+2}
rPois    +         Reflect  .   (no helmet)
rElec    .         Harm     .   (no cloak)
rCorr    .         Rampage  .   (no gloves)
Will     .....                  (no barding)
Stlth    +.........             t - amulet of regeneration
HPRegen  0.59/turn              i - ring of wizardry
MPRegen  0.10/turn              (no ring)

@: mighty
A: large, rugged brown scales 3, see invisible, deformed body, roll 1, armoured
tail
a: Rolling Charge


You were on level 3 of the Dungeon.
You visited 1 branch of the dungeon, and saw 4 of its levels.

You collected 288 gold pieces.

Inventory:

Hand Weapons
 a - a +1 long sword (weapon)
 b - a +0 hunting sling
Missiles
 e - 106 stones
 y - a throwing net
 A - 20 sling bullets
Armour
 c - a +0 kite shield (worn)
 f - a +0 ring mail
 q - a +0 scale mail
 u - the +1 leather armour of Elitism (worn) {*Drain rPois rF+ Int+2}
   (You found it on level 4 of the Dungeon)

   It affects your intelligence (+2).
   It protects you from fire.
   It protects you from poison.
   It causes draining when unequipped.
Jewellery
 i - a ring of wizardry (left hand)
 k - an uncursed amulet of guardian spirit {unknown}
 t - an amulet of regeneration (around neck)
 v - an uncursed amulet of faith
Wands
 B - a wand of random effects (22)
Scrolls
 g - 2 scrolls of fear
 o - 2 scrolls of enchant weapon
 r - a scroll of enchant armour {unknown}
 s - 4 scrolls of identify
 x - 2 scrolls of teleportation
Potions
 h - a potion of curing {unknown}
 j - 2 potions of flight {unknown}
 l - 2 potions of lignification {unknown}
 m - 2 potions of invisibility {unknown}
 n - 3 potions of magic
 p - a potion of cancellation {unknown}
 w - a potion of heal wounds {unknown}


   Skills:
 + Level 4.9 Fighting
 + Level 4.3 Long Blades
 - Level 3.0 Armour
 - Level 3.0 Shields


You had 5 spell levels left.
You didn't know any spells.
Your spell library was empty.

Dungeon Overview and Level Annotations

Branches:
Dungeon (4/15)
 Temple: D:4-7

Altars:
Dithmenos
Nemelex Xobeh


Innate Abilities, Weirdness & Mutations

You are completely covered in rugged brown scales. (AC +3, +7% HP)
You have supernaturally acute eyesight. (SInv)
Armour fits poorly on your strangely shaped body.
You can roll at nearby foes to attack.
You have a long armoured tail.


Message History

You hit the orc wizard but do no damage.
You block the orc wizard's attack. The orc hits you but does no damage.
The orc barely misses you.
You riposte.
You slash the orc!
You kill the orc!
The orc wizard points at you and mumbles some strange words.
The magic dart hits you!
* * * LOW HITPOINT WARNING * * *
You slash the orc wizard!
Your tail-slap misses the orc wizard.
The orc wizard is heavily wounded.
The orc wizard gestures at you while chanting.
The magic dart hits you.
* * * LOW HITPOINT WARNING * * *
The orc hits you with a +0 flail.
* * * LOW HITPOINT WARNING * * *
The orc wizard points at you and mumbles some strange words.
The magic dart hits you.
* * * LOW HITPOINT WARNING * * *
You feel very mighty all of a sudden. You block the orc wizard's attack.
The orc hits you with a +0 flail!
You die...

#........###.#.# #..
#######...)....# #.#.########..
#.........))...###.#...........
#.........†##..................
#....).....##..###...########..
#..........+...#####.# #..†....
#..........###.......# #.......
#..........# #oo.....###.......
#####...#### #@).....+.........
#........# #.......####.###.#
#........# #.......# #.# #.#
#........# #.......# #.# #.#
#.(......# #.......# #.# #.#
#........# #....)..# #.# #.#
#........# #.......# #.# #.#
#........# #.......####.# #.#
#........# #..†....'....# #.#


You could see an orc wizard (fast) and an orc.

Vanquished Creatures
  A bullfrog zombie (D:4)
  Jessica (D:3)
  Natasha (thrice) (D:3)
  A hound skeleton (D:4)
  A worker ant zombie (D:3)
  4 gnolls (D:2)
  6 adders
  3 oozes
  2 worms
  A leopard gecko (D:3)
  2 orcs (D:3)
  5 bats
  3 giant cockroaches
  11 goblins
  3 hobgoblins
  A frilled lizard (D:3)
  7 kobolds
  A quokka skeleton (D:4)
  6 rats
62 creatures vanquished.

Vanquished Creatures (others)
  4 plants (D:4)
4 creatures vanquished.

Grand Total: 66 creatures vanquished

Notes
Turn   | Place    | Note
-------+----------+-------------------------------------------
     0 | D:1      | Glamhuggeren the Palentonga Fighter began the quest for the
                  | Orb.
     0 | D:1      | Reached XP level 1. HP: 20/20 MP: 1/1
    77 | D:1      | Reached XP level 2. HP: 27/27 MP: 2/2
   531 | D:2      | Reached XP level 3. HP: 33/33 MP: 3/3
   565 | D:2      | Reached XP level 4. HP: 40/40 MP: 4/4
  1373 | D:3      | Found a shadowy altar of Dithmenos.
  1374 | D:3      | Noticed Natasha
  1397 | D:3      | Killed Natasha
  1398 | D:3      | Reached XP level 5. HP: 45/49 MP: 5/5
  1841 | D:3      | Noticed Natasha
  1844 | D:3      | Killed Natasha
  1890 | D:3      | Noticed Jessica
  1894 | D:3      | Killed Jessica
  2087 | D:3      | Noticed Natasha
  2092 | D:3      | Killed Natasha
  2190 | D:4      | Reached XP level 6. HP: 56/56 MP: 6/6
  2275 | D:4      | Found a sparkling altar of Nemelex Xobeh.
  2310 | D:4      | Got a distressingly furry leather armour
  2321 | D:4      | Identified the +1 leather armour of Elitism {*Drain rPois
                  | rF+ Int+2} (You found it on level 4 of the Dungeon)
  2347 | D:3      | Slain by an orc

Illustrated notes

Levels and vault maps discovered:
D:1:      minmay_arrival_cross, layout_rooms, hangedman_decor_lopped
D:2:      layout_basic, minmay_misc_feat_x, minmay_curled_crystal
D:3:      layout_basic, nicolae_dithmenos_shadow_blocks, uniq_natasha,
          uniq_jessica
D:4:      layout_cave_pools, old_standard_altar, minitemple, serial_bayou,
          serial_bayou_ford_a, serial_bayou_pond_c, serial_bayou_shore_a,
          serial_bayou_shore_b, serial_bayou_pond_a, uniq_ijyb

Skill      XL: |  1  2  3  4  5 |
---------------+----------------+-----
Armour         | 3 |  3.0
Shields        | 3 |  3.0
Long Blades    | 3 4 |  4.3
Fighting       | 4 |  4.9

Action                   |  1- 3 |  4- 6 || total
-------------------------+-------+-------++-------
Melee: Long sword        |    52 |   128 ||   180
       Tailslap          |     4 |    14 ||    18
 Abil: Rolling Charge    |    13 |    13 ||    26
  Use: Scroll            |       |     7 ||     7
       Potion            |       |     1 ||     1
Armor: Ring mail         |    16 |    54 ||    70
       Leather armour    |       |     1 ||     1
Dodge: Dodged            |    11 |    34 ||    45
Block: Kite shield       |    16 |    59 ||    75
       Rpst.: Long sword |     1 |    12 ||    13
